 Dungeon Crawl Stone Soup version 0.31-a0-232-gb1c03b2570 (webtiles) character file.

Game seed: 4353197747987842459

3585 qw the Skirmisher (level 10, -3/64 HPs)
             Began as a Gargoyle Hexslinger on July 6, 2023.
             Was a Follower of Okawaru.
             Slain by a tengu warrior
             ... wielding a +1 battleaxe
              (14 damage)
             ... on level 7 of the Dungeon.
             The game lasted 00:03:15 (7368 turns).

qw the Skirmisher (Gargoyle Hexslinger)             Turns: 7368, Time: 00:03:16

Health: -3/64      AC: 17    Str: 11    XL:     10   Next: 10%
Magic:  12/13      EV: 13    Int: 15    God:    Okawaru [*.....]
Gold:   409        SH:  0    Dex: 16    Spells: 10/11 levels left

rFire   . . .        Y - +1 sling
rCold   + + .        (no shield)
rNeg    + . .        f - +0 ring mail {rC+}
rPois   inf          m - +0 helmet
rElec   +            (no cloak)
rCorr   .            n - +1 pair of gloves
SInv    .            (no boots)
Will    .....        (no amulet)
Stlth   ++           h - +4 ring of slaying {mikee}
HPRegen 0.30/turn    j - ring of protection from cold
MPRegen 0.13/turn

%: no passive effects
@: heroic
A: sickness immunity, AC +7, negative energy resistance 1, electricity
resistance, torment resistance 1, petrification resistance
a: Renounce Religion, Heroism


You were on level 7 of the Dungeon.
You worshipped Okawaru.
Okawaru was aware of your devotion.
You visited 2 branches of the dungeon, and saw 9 of its levels.

You collected 457 gold pieces.
You spent 48 gold pieces at shops.


Innate Abilities, Weirdness & Mutations

You are immune to sickness and miasma.
Your stone body is resilient. (AC +7)
You are immune to poison.
You resist negative energy. (rN+)
You are resistant to electric shocks. (rElec)
You are resistant to unholy torment.
You are immune to petrification.


   Skills:
 + Level 7.9(12.9) Fighting
 - Level 11.0(16.0) Ranged Weapons
 - Level 3.2(8.2) Armour
 - Level 2.1(7.1) Dodging
 - Level 1.0 Spellcasting
 - Level 2.6 Hexes
 - Level 4.5 Invocations


You had 10 spell levels left.
You knew the following spells:

 Your Spells              Type           Power      Damage    Failure   Level
a - Slow                  Hex            32%        N/A       17%         1

Your spell library contained the following spells:

 Spells                   Type           Power      Damage    Failure   Level
 Inner Flame              Hex/Fire       4%         N/A       65%         3
 Portal Projectile        Hex/Tloc       8%         N/A       65%         3
 Cause Fear               Hex            4%         N/A       86%         4

Inventory:

Hand Weapons
 Y - a +1 sling (weapon)
Armour
 f - a +0 ring mail of cold resistance (worn)
 m - a +0 helmet (worn)
 n - a +1 pair of gloves (worn)
Jewellery
 e - a +6 ring of strength
 h - a +4 ring of slaying (left hand) {mikee}
 j - a ring of protection from cold (right hand)
Scrolls
 k - a scroll of identify
Potions
 a - a potion of mutation
 b - a potion of resistance {unknown}
 d - a potion of might
 g - a potion of enlightenment
 i - a potion of haste
 l - 5 potions of curing

Dungeon Overview and Level Annotations

Branches:
Dungeon (8/15)             Temple (1/1) D:4
   Lair: D:8-11

Altars:
Ashenzari
Cheibriados
Dithmenos
Elyvilon
Fedhas
Gozag
Hepliaklqana
Kikubaaqudgha
Makhleb
Nemelex Xobeh
Okawaru
Qazlal
Ru
Sif Muna
Trog
Uskayaw
Vehumet
Wu Jian
Xom
Yredelemnul
Zin
The Shining One

Shops:
D:1 ?   D:6 [


Message History

The sling bullet hits the tengu warrior.
The tengu warrior is moderately wounded.
The tengu warrior closely misses you.
The tengu warrior pecks you but does no damage.
The tengu warrior barely misses you.
You shoot a sling bullet.
The sling bullet misses the tengu warrior.
You shoot a sling bullet.
The sling bullet hits the tengu warrior.
The tengu warrior is moderately wounded.
The tengu warrior closely misses you. The tengu warrior pecks you.
The tengu warrior claws you but does no damage.
You shoot a sling bullet.
The sling bullet closely misses the tengu warrior.
The tengu warrior hits you with a +1 battleaxe.
The tengu warrior pecks you but does no damage.
The tengu warrior claws you but does no damage.
You shoot a sling bullet.
The sling bullet hits the tengu warrior but does no damage.
The tengu warrior is moderately wounded.
The tengu warrior hits you with a +1 battleaxe!
The tengu warrior pecks you but does no damage.
The tengu warrior barely misses you.
You shoot a sling bullet.
The sling bullet hits the tengu warrior.
The tengu warrior is moderately wounded.
The tengu warrior closely misses you.
The tengu warrior pecks you but does no damage.
The tengu warrior claws you but does no damage.
You shoot a sling bullet.
The sling bullet misses the tengu warrior.
You shoot a sling bullet.
The sling bullet misses the tengu warrior.
The tengu warrior hits you with a +1 battleaxe.
The tengu warrior pecks you. The tengu warrior misses you.
You shoot a sling bullet.
The sling bullet hits the tengu warrior.
The tengu warrior is heavily wounded.
The tengu warrior hits you with a +1 battleaxe!
You die...

......##.# #####)#.####..........
##.......# #......(#..'..........
#####.#..#######.....##..........
...............|..#####....###...
#.....##.###.###).#####....###...
#.###.##.# #..##..###############
#.# #.##.####..#..###############
#.# #.##.......Q((............###
..###.#######...@##########......
......#######..#.# #.#.###
..).....##.......# #.#.##.
..#####.######.#.# ###.#.#.. (.#
#<# #...# #........ ..# #.# #####
#.####### ..# #.# #.#.....# ..#
#.# #.#.....#
..#####.#################.'.._..#


You could see a tengu warrior.

Vanquished Creatures
  2 kobold demonologists (D:7)
  Prince Ribbit (D:5)
  Eustachio (D:5)
  4 water moccasins
  3 orc warriors
  An ice beast (D:3)
  A sky beast (D:7)
  2 ogres (D:7)
  A phantom (D:6)
  5 kobold brigands (D:7)
  Blork the orc (D:5)
  4 scorpions
  2 howler monkeys (D:7)
  2 orc priests (D:6)
  2 jellies (D:5)
  2 gnoll boudas (D:6)
  4 hounds
  5 iguanas
  Terence (D:2)
  3 orc wizards
  15 gnolls
  10 adders
  A shadow imp (D:6)
  2 worms
  A dart slug (D:1)
  30 orcs
  3 ball pythons
  6 endoplasms
  5 giant cockroaches
  4 goblins
  5 hobgoblins
  2 jackals (D:1)
  2 quokkas
  9 bats
  7 frilled lizards
  22 kobolds
  7 rats
178 creatures vanquished.

Notes
Turn   | Place    | Note
-------+----------+-------------------------------------------
     0 | D:1      | qw the Gargoyle Hexslinger began the quest for the Orb.
     0 | D:1      | Reached XP level 1. HP: 12/12 MP: 2/2
     0 | D:1      | 0 ||| qw: Version: 0.3-a-46-gb1f654a
     0 | D:1      | 0 ||| qw: Game counter: 2056
     0 | D:1      | 0 ||| qw: Melee chars always use a shield: true
     0 | D:1      | 0 ||| qw: God list: Okawaru
     0 | D:1      | 0 ||| qw: Allow faded altars: false
     0 | D:1      | 0 ||| qw: Do Orc after clearing Dungeon:15 true
     0 | D:1      | 0 ||| qw: Do second Lair branch before Depths: true
     0 | D:1      | 0 ||| qw: Lair rune preference: random
     0 | D:1      | 0 ||| qw: Goals: Normal
     0 | D:1      | 0 ||| PLANNING D:1-11
   297 | D:1      | Reached XP level 2. HP: 16/16 MP: 3/3
   458 | D:1      | Reached skill level 3 in Ranged Weapons
   498 | D:1      | Found Hosuyrr's Magic Scroll Boutique.
   503 | D:1      | 503 ||| BUYING scroll of identify (24 gold).
   503 | D:1      | Bought a scroll of identify for 24 gold pieces
   503 | D:1      | 503 ||| BUYING scroll of identify (24 gold).
   503 | D:1      | Bought a scroll of identify for 24 gold pieces
   503 | D:1      | 503 ||| SHOPLISTING scroll of identify (24 gold, have 5).
   503 | D:1      | 503 ||| SHOPLISTING scroll of teleportation (36 gold, have
                  | 5).
   784 | D:1      | Reached XP level 3. HP: 21/21 MP: 4/4
   801 | D:1      | Found a faded altar of an unknown god.
  1013 | D:1      | 1013 ||| UPGRADING to +0 leather armour.
  1023 | D:1      | 1023 ||| DROPPING +0 robe.
  1024 | D:1      | 1024 ||| UPGRADING to +4 ring of slaying {mikee}.
  1025 | D:1      | 1025 ||| UPGRADING to ring of protection from cold.
  1026 | D:1      | 1026 ||| READING scroll labelled BAOMELUNUT.
  1027 | D:1      | 1027 ||| READING scroll labelled EDUMUBOMMAE.
  1028 | D:1      | 1028 ||| READING 2 scrolls of identify.
  1028 | D:1      | 1028 ||| IDENTIFYING amethyst potion
  1029 | D:1      | 1029 ||| DROPPING scroll of poison.
  1030 | D:1      | 1030 ||| DROPPING potion of attraction.
  1280 | D:2      | Reached XP level 4. HP: 26/26 MP: 5/5
  1281 | D:2      | Reached skill level 4 in Ranged Weapons
  1772 | D:2      | 1772 ||| READING 5 scrolls of identify.
  1772 | D:2      | 1772 ||| IDENTIFYING dark potion
  1773 | D:2      | 1773 ||| READING 4 scrolls of identify.
  1773 | D:2      | 1773 ||| IDENTIFYING orange potion
  1774 | D:2      | 1774 ||| READING 3 scrolls of identify.
  1774 | D:2      | 1774 ||| IDENTIFYING viscous grey potion
  1775 | D:2      | 1775 ||| READING 2 scrolls of identify.
  1775 | D:2      | 1775 ||| IDENTIFYING green potion
  1776 | D:2      | 1776 ||| DROPPING potion of degeneration.
  1777 | D:2      | 1777 ||| DROPPING potion of ambrosia.
  1789 | D:3      | Noticed Terence
  1796 | D:3      | 1796 ||| STAIRDANCE
  1801 | D:2      | Killed Terence
  1802 | D:2      | Reached XP level 5. HP: 20/30 MP: 6/6
  1908 | D:3      | Noticed an ice beast
  1914 | D:3      | Killed an ice beast
  1915 | D:3      | Reached skill level 5 in Ranged Weapons
  1957 | D:3      | Reached XP level 6. HP: 35/35 MP: 7/7
  2182 | D:3      | Reached skill level 3 in Fighting
  2324 | D:3      | 2324 ||| FLEEEEING.
  2325 | D:3      | 2325 ||| FLEEEEING.
  2895 | D:3      | 2895 ||| READING scroll labelled WUTWOE NE LIC.
  2919 | D:3      | 2919 ||| READING 2 scrolls of identify.
  2919 | D:3      | 2919 ||| IDENTIFYING emerald potion
  2954 | D:4      | Reached skill level 6 in Ranged Weapons
  3154 | D:4      | Found a staircase to the Ecumenical Temple.
  3155 | D:4      | 3155 ||| PLANNING TEMPLE
  3155 | D:4      | 3155 ||| UPGRADING to +0 ring mail.
  3165 | D:4      | 3165 ||| DROPPING +0 leather armour.
  3166 | D:4      | 3166 ||| READING scroll labelled YSECKU MASMO.
  3167 | D:4      | 3167 ||| READING 2 scrolls labelled COFYPE QEFE.
  3168 | D:4      | 3168 ||| DRINKING 2 clear potions.
  3169 | D:4      | 3169 ||| DRINKING 2 sapphire potions.
  3170 | D:4      | 3170 ||| READING 2 scrolls of identify.
  3170 | D:4      | 3170 ||| IDENTIFYING silvery potion
  3171 | D:4      | 3171 ||| DROPPING potion of brilliance.
  3172 | D:4      | 3172 ||| DROPPING scroll of vulnerability.
  3178 | Temple   | Entered the Ecumenical Temple
  3179 | Temple   | 3179 ||| PLANNING OKAWARU WORSHIP
  3351 | Temple   | Became a worshipper of Warmaster Okawaru
  3352 | Temple   | 3352 ||| PLANNING D:1-11
  3393 | D:4      | Reached skill level 1 in Armour
  3393 | D:4      | Reached XP level 7. HP: 38/42 MP: 8/8
  3617 | D:4      | 3617 ||| DROPPING ring of resist corrosion.
  3618 | D:4      | 3618 ||| READING scroll labelled BEVOBO NOSINT.
  3627 | D:5      | Entered Level 5 of the Dungeon
  3682 | D:5      | HP: 8/44 [orc warrior/+0 flail (8)]
  3682 | D:5      | HP: 2/44 [orc warrior/+0 flail (6)]
  3683 | D:5      | 3683 ||| DRINKING 2 potions of heal wounds.
  3687 | D:5      | 3687 ||| DRINKING potion of heal wounds.
  3824 | D:5      | Reached skill level 7 in Ranged Weapons
  3869 | D:5      | 3869 ||| DROPPING ring of wizardry.
  3876 | D:5      | Noticed Prince Ribbit
  3895 | D:5      | HP: 7/44 [Prince Ribbit (7)]
  3898 | D:5      | Killed Prince Ribbit
  3898 | D:5      | Reached * piety under Okawaru
  3899 | D:5      | Reached skill level 8 in Ranged Weapons
  3899 | D:5      | Reached XP level 8. HP: 6/48 MP: 9/9
  4172 | D:5      | 4172 ||| INVOKING Heroism.
  4183 | D:5      | Reached skill level 1 in Invocations
  4505 | D:5      | Found a hide-covered altar of Uskayaw.
  4580 | D:5      | Noticed Blork the orc
  4581 | D:5      | 4581 ||| INVOKING Heroism.
  4590 | D:5      | Killed Blork the orc
  4799 | D:5      | Noticed Eustachio
  4823 | D:5      | Killed Eustachio
  4926 | D:5      | 4926 ||| INVOKING Heroism.
  5128 | D:5      | 5128 ||| UPGRADING to +0 helmet.
  5133 | D:5      | 5133 ||| UPGRADING to +0 pair of gloves.
  5138 | D:5      | 5138 ||| READING scroll of enchant armour.
  5138 | D:5      | 5138 ||| ENCHANTING +0 pair of gloves.
  5139 | D:5      | 5139 ||| READING scroll labelled NUUHIXOE XOOTT.
  5140 | D:5      | 5140 ||| READING scroll labelled GEMAR FUITEAM.
  5141 | D:5      | 5141 ||| READING scroll labelled ALITIH ETAUDUDGH.
  5242 | D:5      | 5242 ||| READING scroll labelled KUOFRUA UTOXA.
  5269 | D:6      | Reached skill level 9 in Ranged Weapons
  5274 | D:6      | 5274 ||| DRINKING 4 potions of curing.
  5274 | D:6      | 5274 ||| (to cure confusion)
  5276 | D:6      | 5276 ||| Stepping ~*~*~tactically~*~*~ (outnumbered).
  5279 | D:6      | 5279 ||| Stepping ~*~*~tactically~*~*~ (outnumbered).
  5367 | D:6      | 5367 ||| UPGRADING to +0 ring mail of cold resistance.
  5375 | D:6      | 5375 ||| UPGRADING to +0 ring mail.
  5380 | D:6      | 5380 ||| UPGRADING to +0 ring mail of cold resistance.
  5390 | D:6      | 5390 ||| DROPPING +0 ring mail.
  5401 | D:6      | Reached skill level 3 in Invocations
  5401 | D:6      | Reached XP level 9. HP: 52/55 MP: 9/11
  5437 | D:6      | Reached skill level 6 in Fighting
  5454 | D:6      | 5454 ||| INVOKING Heroism.
  5472 | D:6      | 5472 ||| INVOKING Heroism.
  5600 | D:6      | 5600 ||| Stepping ~*~*~tactically~*~*~ (outnumbered).
  5602 | D:6      | 5602 ||| Stepping ~*~*~tactically~*~*~ (outnumbered).
  5623 | D:6      | HP: 12/55 [gnoll/+0 spear[a gnoll bouda] (5)]
  5626 | D:6      | HP: 5/55 [gnoll/+0 spear[a gnoll bouda] (8)]
  5839 | D:6      | Found Farykhlo's Armour Shoppe.
  5847 | D:6      | 5847 ||| SHOPLISTING +2 robe of resistance (527 gold, have
                  | 300).
  5847 | D:6      | 5847 ||| SHOPLISTING +3 robe "Mirosa" {-Cast rF+ rC+
                  | Slay+5} (709 gold, have 300).
  5974 | D:7      | 5974 ||| INVOKING Heroism.
  6044 | D:7      | Reached skill level 10 in Ranged Weapons
  6044 | D:7      | 6044 ||| INVOKING Heroism.
  6253 | D:7      | Noticed a kobold demonologist
  6255 | D:7      | Noticed a hellwing
  6256 | D:7      | Reached skill level 3 in Armour
  6256 | D:7      | Noticed a kobold demonologist
  6269 | D:7      | 6269 ||| INVOKING Heroism.
  6275 | D:7      | Noticed a hellwing
  6289 | D:7      | Killed a kobold demonologist
  6291 | D:7      | 6291 ||| FLEEEEING.
  6292 | D:7      | 6292 ||| FLEEEEING.
  6293 | D:7      | 6293 ||| FLEEEEING.
  6294 | D:7      | 6294 ||| FLEEEEING.
  6295 | D:7      | 6295 ||| FLEEEEING.
  6296 | D:7      | 6296 ||| FLEEEEING.
  6297 | D:7      | 6297 ||| FLEEEEING.
  6298 | D:7      | 6298 ||| FLEEEEING.
  6299 | D:7      | 6299 ||| FLEEEEING.
  6300 | D:7      | 6300 ||| FLEEEEING.
  6301 | D:7      | 6301 ||| FLEEEEING.
  6302 | D:7      | 6302 ||| FLEEEEING.
  6306 | D:7      | 6306 ||| STAIRDANCE
  6407 | D:6      | 6407 ||| READING 2 scrolls of identify.
  6407 | D:6      | 6407 ||| IDENTIFYING smoky purple potion
  6408 | D:6      | 6408 ||| DROPPING potion of berserk rage.
  6417 | D:7      | Killed a kobold demonologist
  6424 | D:7      | Reached ** piety under Okawaru
  6525 | D:7      | Found an ornate altar of the Wu Jian Council.
  6656 | D:7      | 6656 ||| Stepping ~*~*~tactically~*~*~ (outnumbered).
  6657 | D:7      | Identified the +6 rapier "Mackuber" {flame, Int+4}
  6838 | D:7      | Reached XP level 10. HP: 63/63 MP: 13/13
  6855 | D:7      | 6855 ||| INVOKING Heroism.
  7103 | D:7      | 7103 ||| READING scroll labelled DUCUUGR AKUYQ.
  7121 | D:8      | 7121 ||| INVOKING Heroism.
  7123 | D:8      | Reached skill level 11 in Ranged Weapons
  7129 | D:8      | 7129 ||| STAIRDANCE
  7281 | D:8      | 7281 ||| INVOKING Heroism.
  7319 | D:8      | 7319 ||| STAIRDANCE
  7346 | D:8      | Noticed a tengu warrior
  7350 | D:8      | 7350 ||| STAIRDANCE
  7355 | D:7      | 7355 ||| INVOKING Heroism.
  7367 | D:7      | HP: 16/64 [tengu warrior/+1 battleaxe (1)]
  7368 | D:7      | Slain by a tengu warrior

Levels and vault maps discovered:
D:1:      dpeg_arrival_concentric_ovals, layout_loops_corners,
          nicolae_ecumenical_lake_church, serial_shops, shop, chequers_arboretum
D:2:      layout_basic, serial_bayou_pond_c, minmay_fountain_box, minmay_unequal
D:3:      layout_basic, uniq_terence
D:4:      layout_rooms, minmay_temple_entry_fiery
D:5:      layout_layer_cave, nicolae_uskayaw_dance_hall, serial_glass,
          glass_columns_b, glass_columns_b, uniq_eustachio, uniq_prince_ribbit1,
          uniq_blork_the_orc
D:6:      layout_rooms, serial_shops, nicolae_stop_n_shop_2, serial_glass,
          glass_columns_b, glass_columns_a
D:7:      layout_basic, amcnicky_altar_gilded, patterned_corridor
D:8:      layout_gridville, grunt_lair_entry_orc_guard_hut,
          nicolae_diode_quadrants
Temple:   nicolae_temple_bog_church

Skill      XL: |  1  2  3  4  5  6  7  8  9 10 |
---------------+-------------------------------+-----
Ranged Weapons | 3 4 5 6 8 9 10 11 | 11.0
Fighting       | 2 3 4 5 7 |  7.9
Armour         | 1 2 3 |  3.2
Invocations    | 3 4 |  4.5
Dodging        | 2 |  2.1
Spellcasting   | |  1.0
Hexes          | |  2.6

Action                     |  1- 3 |  4- 6 |  7- 9 | 10-12 || total
---------------------------+-------+-------+-------+-------++-------
   Fire: Sling             |   101 |   156 |   445 |    94 ||   796
 Invoke: Heroism           |       |       |     8 |     4 ||    12
    Use: Scroll            |     3 |     9 |     7 |     1 ||    20
         Potion            |       |     2 |     3 |       ||     5
 Armour: Robe              |     8 |       |       |       ||     8
         Leather armour    |    11 |    39 |       |       ||    50
         Ring mail         |       |     3 |   179 |    50 ||   232
         Skin              |       |       |     1 |       ||     1
  Dodge: Dodged            |    29 |    60 |   219 |    36 ||   344

Table legend:
 A = Non-vault XP
 B = Vault XP
 C = Vault XP percentage of total XP
 D = Non-vault monster count
 E = Vault monster count
 F = Vault count percentage of total count
                 A         B        C        D         E       F
            +---------+---------+-------+---------+---------+-------
      Total |    4513 |     609 |  11.9 |     171 |       7 |   3.9
            +---------+---------+-------+---------+---------+-------
        D:1 |      36 |       0 |   0.0 |      22 |       0 |   0.0
        D:2 |      98 |      42 |  30.0 |      20 |       4 |  16.7
        D:3 |     287 |       0 |   0.0 |      26 |       0 |   0.0
        D:4 |     265 |       0 |   0.0 |       9 |       0 |   0.0
        D:5 |     663 |     567 |  46.1 |      23 |       3 |  11.5
        D:6 |     822 |       0 |   0.0 |      30 |       0 |   0.0
        D:7 |    2190 |       0 |   0.0 |      32 |       0 |   0.0
        D:8 |     152 |       0 |   0.0 |       9 |       0 |   0.0
            +---------+---------+-------+---------+---------+-------
